 Dungeon Crawl Stone Soup version 0.29-a0-380-gf50f0a9fbc (webtiles) character file.

Game seed: 3040232949011158144

929 thiscave3701365 the Cleaver (level 7, -1/59 HPs)
             Began as a Minotaur Berserker on May 5, 2022.
             Was a Believer of Trog.
             Shot with an arrow by a centaur (5 damage)
             ... on level 5 of the Dungeon.
             The game lasted 00:05:48 (9647 turns).

thiscave3701365 the Cleaver (Minotaur Berserker)    Turns: 9647, Time: 00:05:48

Health: -1/59      AC:  4    Str: 24    XL:     7   Next: 85%
Magic:  6/6        EV: 12    Int:  4    God:    Trog [**....]
Gold:   168        SH:  0    Dex:  9    Spells: 6/6 levels left

rFire   . . .      SeeInvis .   a - +1 hand axe
rCold   . . .      Faith    .   (no shield)
rNeg    . . .      Spirit   .   b - +0 animal skin
rPois   .          Reflect  .   (helmet restricted)
rElec   .          Harm     .   y - +0 cloak
rCorr   .          Rampage  .   (no gloves)
Will    .....                   l - +0 pair of boots
Stlth   +.........              (no amulet)
HPRegen 0.19/turn               (no ring)
MPRegen 0.10/turn               (no ring)

@: no status effects
A: horns 2, retaliatory headbutt
a: Renounce Religion, Berserk, Trog's Hand


You were on level 5 of the Dungeon.
You worshipped Trog.
Trog was pleased with you.
You visited 1 branch of the dungeon, and saw 5 of its levels.

You collected 168 gold pieces.

Inventory:

Hand Weapons
 a - a +1 hand axe (weapon)
Missiles
 s - 2 throwing nets
Armour
 b - a +0 animal skin (worn)
 l - a +0 pair of boots (worn)
 y - a +0 cloak (worn)
Jewellery
 n - a ring of poison resistance
 w - a ring of ice
Wands
 c - a wand of flame (17)
 v - a wand of paralysis (6)
Scrolls
 g - 2 scrolls of immolation
 i - 6 scrolls of identify
 k - a scroll of blinking
 r - a scroll of magic mapping
Potions
 e - 2 potions of attraction
 f - 2 potions of curing
 h - a potion of mutation {unknown}
 j - 2 potions of invisibility {unknown}
 t - 3 potions of heal wounds {unknown}
 x - a potion of cancellation {unknown}
 z - 2 potions of degeneration {unknown}


   Skills:
 - Level 4.2 Fighting
 + Level 10.7 Axes
 - Level 3.2 Armour
 - Level 2.9 Dodging


You had 6 spell levels left.
You didn't know any spells.
Your spell library was empty.

Dungeon Overview and Level Annotations

Branches:
Dungeon (5/15)             Temple (0/1) D:4

Altars:

Shops:
D:1 ?


Innate Abilities, Weirdness & Mutations

You have a pair of horns on your head.
You reflexively headbutt those who attack you in melee.


Message History

You start waiting.
Done waiting.
You start waiting.
Done waiting.
You start waiting.
Done waiting.
Done exploring.
Done exploring.
Done exploring.
Done exploring.
You climb downwards.
The centaur shoots an arrow.
The arrow hits you!
The centaur shoots an arrow.
The arrow hits you!
There is a stone staircase leading up, spattered with blood here.
The centaur shoots an arrow.
The arrow hits you!
The centaur shoots an arrow.
The arrow barely misses you.
You climb upwards.
There is a stone staircase leading down, spattered with blood here.
You start resting.
You start resting.
HP restored.
You start waiting.
Done waiting.
You start waiting.
Done waiting.
You climb downwards.
The centaur shoots an arrow.
The arrow hits you!
There is a stone staircase leading up, spattered with blood here.
The gnoll sergeant shouts!
The centaur shoots an arrow.
The arrow hits you!
You see here a +0 flail.
The centaur shoots an arrow.
The arrow hits you!
The centaur shoots an arrow.
The arrow barely misses you.
The centaur shoots an arrow.
The arrow hits you!
You are too injured to fight recklessly!
The centaur shoots an arrow.
The arrow hits you.
The centaur shoots an arrow.
The arrow barely misses you.
The centaur shoots an arrow.
The arrow hits you!
* * * LOW HITPOINT WARNING * * *
You see here a +0 flail.
The centaur shoots an arrow.
The arrow hits you.
You die...

....#...........
#..#.c..$......
#.........g...#
#............#
#............#
#...g........#
#............#
#..)...#....##
#..@.[.(....#
#..#....)#..#
##..........#
......#.......#
######.#.......?
#.#........
###.....<.#
........# ####


You could see a gnoll sergeant, a centaur and a gnoll.

Vanquished Creatures
  Sigmund (D:5)
  Duvessa (D:4)
  A phantom (D:4)
  A kobold brigand (D:4)
  2 scorpions
  Dowan (D:4)
  2 jellies
  A hound (D:4)
  3 iguanas
  5 adders
  6 gnolls
  3 ufetubi
  A dart slug (D:4)
  2 worms (D:3)
  3 orcs (D:4)
  5 bats
  10 endoplasms
  4 giant cockroaches
  5 goblins
  9 hobgoblins
  4 jackals (D:1)
  8 kobolds
  8 ball pythons
  A frilled lizard (D:3)
  3 rats
90 creatures vanquished.

Notes
Turn   | Place    | Note
-------+----------+-------------------------------------------
     0 | D:1      | thiscave3701365 the Minotaur Berserker began the quest for
                  | the Orb.
     0 | D:1      | Reached XP level 1. HP: 19/19 MP: 0/0
   176 | D:1      | Reached XP level 2. HP: 25/27 MP: 1/1
   389 | D:1      | Found Kiugireb's Jewellery Boutique.
   674 | D:1      | Found Ysiunee's Magic Scroll Shoppe.
   730 | D:1      | Reached skill level 4 in Axes
  1313 | D:2      | Reached XP level 3. HP: 31/33 MP: 2/2
  2341 | D:3      | Reached ** piety under Trog
  2698 | D:3      | Reached skill level 5 in Axes
  2698 | D:3      | Reached XP level 4. HP: 30/40 MP: 3/3
  3623 | D:4      | Reached XP level 5. HP: 46/46 MP: 4/4
  3624 | D:4      | Reached skill level 6 in Axes
  4029 | D:4      | Reached skill level 7 in Axes
  4165 | D:4      | Found a staircase to the Ecumenical Temple.
  4215 | D:4      | Reached XP level 6. HP: 35/52 MP: 5/5
  4367 | D:4      | Paralysed by a kobold for 3 turns
  4843 | D:4      | Reached skill level 8 in Axes
  5328 | D:5      | Entered Level 5 of the Dungeon
  5328 | D:5      | Noticed Duvessa
  5328 | D:5      | Noticed Sigmund
  5329 | D:5      | Noticed Dowan
  5545 | D:4      | Killed Duvessa
  5546 | D:4      | Killed Dowan
  5547 | D:4      | Reached skill level 9 in Axes
  5547 | D:4      | Reached XP level 7. HP: 12/59 MP: 6/6
  6210 | D:5      | Killed Sigmund
  6703 | D:5      | Reached skill level 10 in Axes
  9647 | D:5      | Shot with an arrow by a centaur

Illustrated notes

Levels and vault maps discovered:
D:1:      onia_arrival_pentagram, layout_basic, serial_shops,
          nicolae_shop_stone, shop
D:2:      layout_basic
D:3:      layout_loops_ring
D:4:      layout_gridville, minmay_temple_entry_poolview
D:5:      layout_basic, lemuel_coloured_pillars_altar, minmay_manual_mares,
          uniq_grinder, uniq_pikel, uniq_duvessa, uniq_sigmund

Skill      XL: |  1  2  3  4  5  6  7 |
---------------+----------------------+-----
Axes           | 4 5 7 9 10 | 10.7
Fighting       | 4 |  4.2
Armour         | 3 |  3.2
Dodging        | |  2.9

Action                   |  1- 3 |  4- 6 |  7- 9 || total
-------------------------+-------+-------+-------++-------
Melee: Hand axe          |    97 |   103 |    30 ||   230
       Headbutt          |     6 |    12 |     3 ||    21
       Punch             |     2 |     2 |     3 ||     7
Invok: Berserk           |       |     4 |     4 ||     8
  Use: Scroll            |     2 |    10 |       ||    12
Armor: Animal skin       |    16 |    14 |     6 ||    36
Dodge: Dodged            |    66 |    70 |    45 ||   181

Table legend: (Time is in decaauts)
 A = Elapsed time spent in this place.
 B = Non-inter-level travel time spent in this place.
 C = Inter-level travel time spent in this place.
 D = Time resting spent in this place.
 E = Time spent auto-exploring this place.
 F = Levels seen in this place.
 G = Mean time per level.
                   A        B        C        D        E       F      G
               +--------+--------+--------+--------+--------+-----+--------+
         Total |   9738 |   9625 |    113 |   5102 |   3892 |   5 | 1947.6 |
       Dungeon |   9738 |   9625 |    113 |   5102 |   3892 |   5 | 1947.6 |
               +--------+--------+--------+--------+--------+-----+--------+

Top non-repeatable levels by time:
     D:4: 6277 daAuts
     D:1: 1191 daAuts
     D:2: 1146 daAuts
     D:3: 1003 daAuts
     D:5: 119 daAuts
